 Dungeon Crawl Stone Soup version 0.28-a0-704-g4d584c6bc1 (webtiles) character file.

Game seed: 16749188158311665762

695 EiAlmux the Conjurer (level 7, -1/60 HPs)
             Began as a Deep Elf Conjurer on Oct 24, 2021.
             Succumbed to a water moccasin's poison
             ... on level 4 of the Dungeon.
             The game lasted 00:10:13 (5453 turns).

EiAlmux the Conjurer (Deep Elf Conjurer)            Turns: 5453, Time: 00:10:13

Health: -1/60      AC:  5    Str:  3 (4)  XL:     7   Next: 37%
Magic:  7/18       EV: 11    Int: 24 (25) God:
Gold:   188        SH:  0    Dex: 12 (13) Spells: 15/18 levels left

rFire   . . .      SeeInvis .   i - +0 short sword
rCold   + . .      Faith    .   (no shield)
rNeg    . . .      Spirit   .   q - +0 leather armour
rPois   +          Reflect  .   (no helmet)
rElec   .          Harm     .   (no cloak)
rCorr   .          Rampage  .   r - +0 pair of gloves
Will    .....                   n - +0 pair of boots
Stlth   ..........              (no amulet)
HPRegen 0.20/turn               j - ring of poison resistance
MPRegen 0.16/turn               p - ring of protection from cold

@: berserking, lethally poisoned (-1 -> -12), very quick
A: no striking features
a: no special abilities


You were on level 4 of the Dungeon.
You visited 1 branch of the dungeon, and saw 5 of its levels.

You collected 188 gold pieces.

Inventory:

Hand Weapons
 c - a +0 dagger
 i - a +0 short sword (weapon)
Armour
 a - a +0 robe
 l - a scarf of shadows
 n - a +0 pair of boots (worn)
 q - a +0 leather armour (worn)
 r - a +0 pair of gloves (worn)
Jewellery
 j - a ring of poison resistance (left hand)
 p - a ring of protection from cold (right hand)
 v - a +6 ring of strength
Wands
 o - a wand of polymorph (12)
 u - a wand of flame (22)
Scrolls
 d - a scroll of brand weapon
 e - a scroll of silence {unknown}
 k - a scroll of noise
 s - 2 scrolls of holy word {unknown}
 t - a scroll of teleportation {unknown}
 w - a scroll of immolation {unknown}
Potions
 f - a potion of curing {unknown}
 g - a potion of degeneration
 h - a potion of brilliance {unknown}
 m - a potion of resistance {unknown}


   Skills:
 - Level 2.0 Fighting
 + Level 3.6 Dodging
 - Level 5.0 Stealth
 + Level 6.2 Spellcasting
 + Level 6.4 Conjurations
 + Level 2.0 Translocations


You had 15 spell levels left.
You knew the following spells:

 Your Spells              Type           Power      Damage    Failure   Level
a - Magic Dart            Conj           100%       1d8       1%          1
b - Searing Ray           Conj           76%        2d7       1%          2

Your spell library contained the following spells:

 Spells                   Type           Power      Damage    Failure   Level
 Dazzling Flash           Conj/Hex       46%        N/A       12%         3
 Iskenderun's Mystic Bla  Conj/Tloc      28%        2d7       26%         4
 Fulminant Prism          Conj/Hex       11%        3d9       38%         4


Dungeon Overview and Level Annotations

Branches:
Dungeon (5/15)
 Temple: D:4-7

Altars:

Annotations:
D:4 exclusion: black bear


Message History

The water moccasin is severely wounded.
You feel sick.
The water moccasin bites you but does no damage.
The searing ray misses the water moccasin.
You feel sick. The water moccasin barely misses you.
The water moccasin bites you.
You are more poisoned.
The water moccasin poisons you!
The searing ray hits the water moccasin!
The water moccasin is almost dead.
You finish channelling your searing ray.
You feel very sick. The water moccasin bites you.
* * * LOW HITPOINT WARNING * * *
You are more poisoned.
The water moccasin poisons you!
Casting: Searing Ray (safe; 1% risk of failure)
Confirm with . or Enter, or press ? or * to list all spells.
Aiming: Searing Ray (safe; 1% risk of failure)
Press: ? - help, Shift-Dir - straight line, f/p - water moccasin
Aim: a water moccasin (almost dead, 68% to hit)
The searing ray hits the water moccasin!
You kill the water moccasin! (Press . to maintain the ray.)
* * * LOW HITPOINT WARNING * * *
You feel very sick.
Your Translocations skill increases to level 2!
It was a potion of degeneration.
There was something very wrong with that liquid.
You feel weakened.
You feel dopey.
You feel clumsy.
* * * LOW HITPOINT WARNING * * *
You feel very sick.
It was a potion of berserk rage.
A red film seems to cover your vision as you go berserk!
You feel yourself moving faster!
You feel mighty!
* * * LOW HITPOINT WARNING * * *
You feel very sick.
You are too berserk!
You feel a strong urge to attack something.
You die...

..........# ..........#
....... )........##
....... ........##
....... .......##
....... ......###
....... ........######
.......
....##.......####†......
..########......@.......
..# ##......###.......
..# ##.......## ##.....
..# ##.........## ....
.####...........# ..# .#
#............## ## .#
#>............# ##
###..........## #
#####.....##


There were no monsters in sight!

Vanquished Creatures
  A water moccasin (D:4)
  2 black bears (D:4)
  A scorpion (D:4)
  2 hounds (D:4)
  A gnoll shaman (D:4)
  An orc priest (D:4)
  An iguana (D:4)
  An orc wizard (D:4)
  A hound skeleton (D:4)
  7 gnolls
  2 adders (D:2)
  2 worms
  4 dart slugs
  An orc (D:4)
  10 ball pythons
  A bat (D:1)
  10 endoplasms
  3 giant cockroaches
  3 goblins (D:2)
  3 hobgoblins
  4 jackals (D:2)
  A quokka (D:2)
  5 frilled lizards
  7 kobolds
  6 rats
80 creatures vanquished.

Vanquished Creatures (others)
  A fungus (D:2)
  39 plants (D:4)
40 creatures vanquished.

Grand Total: 120 creatures vanquished

Notes
Turn   | Place    | Note
-------+----------+-------------------------------------------
     0 | D:1      | EiAlmux the Deep Elf Conjurer began the quest for the Orb.
     0 | D:1      | Reached XP level 1. HP: 10/10 MP: 6/6
   209 | D:1      | Reached XP level 2. HP: 16/16 MP: 4/8
   558 | D:1      | Reached skill level 1 in Fighting
   698 | D:1      | Learned a level 2 spell: Searing Ray
  1038 | D:2      | Found a faded altar of an unknown god.
  1052 | D:2      | You fall into a shaft and drop 1 floor!
  1176 | D:2      | Reached XP level 3. HP: 20/20 MP: 6/9
  2032 | D:2      | Reached XP level 4. HP: 22/26 MP: 5/11
  3090 | D:4      | Noticed a black bear
  3345 | D:4      | Reached skill level 5 in Conjurations
  3381 | D:4      | Noticed a black bear
  3417 | D:4      | Reached XP level 5. HP: 24/30 MP: 5/13
  3886 | D:5      | Entered Level 5 of the Dungeon
  3965 | D:4      | Reached skill level 5 in Spellcasting
  3975 | D:4      | Noticed a black bear
  4267 | D:4      | Reached XP level 6. HP: 35/35 MP: 6/15
  4721 | D:4      | Reached skill level 5 in Stealth
  4775 | D:4      | Noticed a water moccasin
  4915 | D:4      | Reached skill level 1 in Translocations
  5010 | D:4      | Reached XP level 7. HP: 40/40 MP: 9/18
  5451 | D:4      | HP: 2/40 [poisoned by a water moccasin]
  5453 | D:4      | Succumbed to a water moccasin's poison

Illustrated notes

Levels and vault maps discovered:
D:1:      evilmike_arrival_fibonacci_small, layout_loops_ring
D:2:      layout_loops_ring, shapermc_ecumenical_altar_mp_ritualfount
D:3:      layout_loops_corners
D:4:      layout_cave_pods, serial_bayou_lagoon_a, kennysheep_donut,
          kennysheep_generic_room_14
D:5:      layout_basic, minmay_temple_entry_large_hall

Skill      XL: |  1  2  3  4  5  6  7 |
---------------+----------------------+-----
Fighting       | 1 2 |  2.0
Stealth        | 3 4 5 |  5.0
Spellcasting   | 4 5 6 |  6.2
Conjurations   | 5 6 |  6.4
Translocations | 1 2 |  2.0
Dodging        | 3 |  3.6

Action                   |  1- 3 |  4- 6 |  7- 9 || total
-------------------------+-------+-------+-------++-------
 Cast: Magic Dart        |    82 |    72 |    11 ||   165
       Searing Ray       |     2 |    11 |     3 ||    16
  Use: Scroll            |       |     2 |       ||     2
       Potion            |       |       |     2 ||     2
Armor: Robe              |     3 |       |       ||     3
       Leather armour    |       |     5 |     2 ||     7
Dodge: Dodged            |     4 |     5 |     1 ||    10

Table legend: (Time is in decaauts)
 A = Elapsed time spent in this place.
 B = Non-inter-level travel time spent in this place.
 C = Inter-level travel time spent in this place.
 D = Time resting spent in this place.
 E = Time spent auto-exploring this place.
 F = Levels seen in this place.
 G = Mean time per level.
                   A        B        C        D        E       F      G
               +--------+--------+--------+--------+--------+-----+--------+
         Total |   5461 |   5059 |    402 |   1148 |   3317 |   5 | 1092.2 |
       Dungeon |   5461 |   5059 |    402 |   1148 |   3317 |   5 | 1092.2 |
               +--------+--------+--------+--------+--------+-----+--------+

Top non-repeatable levels by time:
     D:4: 2064 daAuts
     D:3: 1308 daAuts
     D:2: 1125 daAuts
     D:1: 962 daAuts
     D:5: 1 daAuts
